 Dungeon Crawl Stone Soup version 0.25-a0-701-gb30f108f01 (webtiles) character file.

Game seed: 11470709470715471132, levelgen mode: deterministic

277532 Gynju the Peltast (level 19, -4/201 HPs)
             Began as a Troll Monk on Mar 22, 2020.
             Was the Champion of Ru.
             Succumbed to a tengu reaver's poison gas
             ... on level 3 of the Vaults on Apr 3, 2020.
             The game lasted 02:19:18 (48340 turns).

Gynju the Peltast (Troll Monk)                     Turns: 48340, Time: 02:19:19

Health: -4/201     AC: 17    Str: 30    XL:     19   Next: 99%
Magic:  18/18      EV: 13    Int:  6    God:    Ru [******]
Gold:   3317       SH: 26    Dex: 10    Spells: 18/18 levels left

rFire    + . .     SeeInvis .     - Unarmed
rCold    + . .     Gourm    +   S - +0 tower shield
rNeg     . . .     Faith    .   O - +0 fire dragon scales
rPois    .         Spirit   .   T - +0 hat
rElec    .         Reflect  +   c - +0 cloak
rCorr    .         Harm     .   (gloves unavailable)
MR       ++...                  (boots unavailable)
Stlth    +.........             e - +5 amulet of reflection
HPRegen  0.83/turn              w - ring of Wuahuti {rC+++ Stlth+}
MPRegen  0.16/turn              a - ring of protection from magic

@: lethally poisoned (-4 -> -59), flayed
A: large, unfitting armour, claws 3, clumsy 1, fast metabolism 3, gourmand,
regeneration 1, shaggy fur 1, tough skin 3, inability to use devices, no earth
magic, no necromancy magic, no summoning magic, temperature sensitive
}: 1/15 runes: serpentine
a: Draw Out Power, Power Leap, Apocalypse, Renounce Religion


You were on level 3 of the Vaults.
You worshipped Ru.
Ru was exalted by your worship.
You were full.

You visited 8 branches of the dungeon, and saw 36 of its levels.
You also visited: Ice Cave.

You collected 3353 gold pieces.
You spent 36 gold pieces at shops.

Inventory:

Missiles
 g - 24 poisoned darts
 M - 69 large rocks (quivered)
 N - 4 curare-tipped darts
 U - 2 throwing nets
Armour
 b - +0 ice dragon scales
 c - a +0 cloak (worn)
 x - +4 swamp dragon scales
 O - +0 fire dragon scales (worn)
 S - a +0 tower shield (worn)
 T - a +0 hat (worn)
Jewellery
 a - a ring of protection from magic (right claw)
 e - a +5 amulet of reflection (around neck)
 p - an uncursed ring of protection from magic
 u - an uncursed ring of positive energy
 w - the ring of Wuahuti (left claw) {rC+++ Stlth+}
   (You took it off a gnoll on level 6 of the Dungeon)

   [ring of stealth]

   It renders you almost immune to cold.
   It makes you more stealthy.
 D - an uncursed ring of protection from cold
 F - an uncursed ring of fire
 G - an uncursed ring of poison resistance
Scrolls
 d - 13 scrolls of teleportation
 i - 18 scrolls of remove curse {@r2}
 m - a scroll of silence
 o - 2 scrolls of immolation
 v - a scroll of amnesia
 y - a scroll of brand weapon
 C - 8 scrolls of fear
 E - 4 scrolls of fog
 H - 6 scrolls of identify {@r1}
 K - a scroll of summoning
 L - 2 scrolls of vulnerability
 R - 2 scrolls of holy word
 V - a scroll of blinking
 W - a scroll of enchant weapon
 Y - 3 scrolls of enchant armour
Potions
 f - 14 potions of curing {@q1}
 h - 7 potions of heal wounds
 j - 6 potions of lignification
 k - a potion of cancellation
 n - 7 potions of stabbing
 q - 4 potions of mutation
 r - 2 potions of resistance {unknown}
 s - 7 potions of flight
 t - 3 potions of haste
 B - 4 potions of berserk rage
 I - a potion of invisibility
 J - 3 potions of might
 Q - a potion of ambrosia
Comestibles
 l - a chunk of flesh
 z - 63 rations


   Skills:
 - Level 15.0 Fighting
 - Level 10.0 Throwing
 + Level 12.2 Armour
 + Level 12.2 Dodging
 - Level 1.0 Stealth
 - Level 15.0 Shields
 - Level 15.0 Unarmed Combat


You had 18 spell levels left.
You didn't know any spells.
Your spell library contained the following spells:

 Spells                   Type           Power        Failure   Level  Hunger
 Freeze                   Ice            #...         69%         1    ##.....
 Sting                    Tmut/Pois      #...         69%         1    ##.....
 Poisonous Vapours        Pois/Air       #.....       83%         2    ###....
 Confusing Touch          Hex            #.......     96%         3    ####...
 Conjure Flame            Conj/Fire      #.......     96%         3    ####...
 Frozen Ramparts          Ice            #.....       96%         3    ####...
 Gell's Gravitas          Tloc           #.........   96%         3    ####...
 Ignite Poison            Fire/Tmut/Pois #.......     96%         3    ####...
 Mephitic Cloud           Conj/Pois/Air  #.......     96%         3    ####...
 Ozocubu's Armour         Chrm/Ice       #.......     96%         3    ####...
 Hailstorm                Conj/Ice       #.......     100%        4    #####..
 Olgreb's Toxic Radiance  Pois           #.......     100%        4    #####..
 Fireball                 Conj/Fire      #.........   100%        5    ######.
 Metabolic Englaciation   Hex/Ice        #.........   100%        5    ######.
 Yara's Violent Unravell  Hex/Tmut       #.........   100%        5    ######.
 Freezing Cloud           Conj/Ice/Air   #.........   100%        6    #######
 Starburst                Conj/Fire      #.........   100%        6    #######
 Ring of Flames           Chrm/Fire      #.........   100%        7    #######
 Ignition                 Fire           #.........   100%        8    #######
 Summon Butterflies       Summ           Unusable     N/A         1    N/A
 Call Canine Familiar     Summ           Unusable     N/A         3    N/A
 Petrify                  Tmut/Erth      Unusable     N/A         4    N/A
 Summon Ice Beast         Ice/Summ       Unusable     N/A         4    N/A
 Summon Mana Viper        Hex/Summ       Unusable     N/A         5    N/A
 Summon Hydra             Summ           Unusable     N/A         7    N/A

Dungeon Overview and Level Annotations

Branches:
Dungeon (15/15)            Temple (1/1) D:6            Lair (6/6) D:10
 Shoals (3/4) Lair:2        Snake (4/4) Lair:4        Slime (0/5) Lair:6
    Orc (2/2) D:11            Elf (0/3) Orc:2        Vaults (4/5) D:13
  Crypt (0/3) Vaults:3     Depths (1/5) D:15          IceCv (visited)

Altars:
Ashenzari
Cheibriados
Dithmenos
Elyvilon
Fedhas
Gozag
Hepliaklqana
Kikubaaqudgha
Makhleb
Nemelex Xobeh
Okawaru
Qazlal
Ru
Sif Muna
Trog
Uskayaw
Vehumet
Wu Jian
Xom
Yredelemnul
Zin
The Shining One
Jiyva

Shops:
D:15 %   Orc:2 !%**   Shoals:3 *   Snake:1 **   Snake:2 (((   Vaults:2 (

Annotations:
D:12 Josephine
D:13 exclusion: obsidian statue
Lair:5 1 runed translucent door, exclusion: hydra
Snake:2 3 runed translucent doors, Pagrargh's ghost, journeyman MiBe
Depths:1 Asterion


Innate Abilities, Weirdness & Mutations

You are too large for most types of armour.
You have claws for hands.
You are clumsy. (Dex -2)
Your metabolism is lightning-fast.
You like to eat raw meat.
Your natural rate of healing is unusually fast.
You are covered in fur. (AC +1)
You have extremely tough skin. (AC +3)
You cannot study or use magical devices.
You cannot study or cast Earth magic.
You cannot study or cast Necromancy magic.
You cannot study or cast Summoning magic.
You are sensitive to extremes of temperature. (rF-, rC-)


Message History

You are more poisoned.
You feel very sick.
The deep elf archer unwields a +1 dagger of electrocution.
It stops crackling.
The deep elf archer wields a +0 longbow.
The deep elf archer shoots an arrow.
The arrow hits you!
* * * LOW HITPOINT WARNING * * *
The tengu reaver is engulfed in poison gas.
The tengu reaver looks as sick as possible!
The tengu reaver points at you and mumbles some strange words.
The bolt of poison hits you!!!
You are more poisoned.
* * * LOW HITPOINT WARNING * * *
You focus your will and paralyse the tengu reaver in retribution!
The battlesphere fires!
The barrage of energy hits you!
* * * LOW HITPOINT WARNING * * *
You see here an arrow.
You are engulfed in poison gas.
You are more poisoned.
* * * LOW HITPOINT WARNING * * *
You die...

############ #...........
#########...........
#.......#...........
#.......#..........)
########..@..○☼#...........
#......((..§☼☼.#...........
#......#...☼○☼*#...........
#......#...☼☼○°°...........
#......#########Qe.........
#......#########°#+########
#......'.#.....#.°...#..#
#......#..........Q.....#
########......#...*.#...#


You could see a tengu reaver (paralysed), a deep elf archer and a battlesphere.

Vanquished Creatures
  Nikola (Lair:2)
  Polyphemus (Shoals:2)
  A sphinx (Vaults:4)
  A storm dragon (Vaults:3)
  Donald (Vaults:1)
  12 nagarajas
  2 fire giants (Vaults:3)
  2 frost giants
  6 vault wardens
  Aizul (Vaults:2)
  2 stone giants
  6 ironheart preservers
  A very ugly thing (Vaults:4)
  2 entropy weavers (Vaults:3)
  5 dire elephants (Lair:6)
  A merfolk javelineer (Shoals:3)
  Snorg (D:10)
  4 merfolk impalers
  4 ettins
  3 fire dragons
  5 yaktaur captains
  2 rakshasas (Vaults:1)
  A great orb of eyes (Vaults:3)
  4 hydras
  10 vault guards
  5 ice dragons
  Fannar (D:10)
  19 naga warriors
  7 anacondas
  A merfolk avatar (Shoals:2)
  A catoblepas (Shoals:2)
  32 two-headed ogres
  4 centaur warriors
  An alligator snapping turtle (Shoals:1)
  3 death knights
  2 satyrs (Shoals:2)
  2 merfolk aquamancers (Shoals:1)
  11 ogre magi
  A tengu warrior (D:13)
  An orc high priest (Orc:2)
  A deep troll shaman (Vaults:4)
  8 naga sharpshooters (Snake:4)
  A vampire mage (Vaults:3)
  4 death yaks (Shoals:1)
  A deep troll earth mage (Vaults:4)
  6 shock serpents
  A soul eater (Vaults:3)
  Sonja (D:11)
  3 deep elf knights
  Nergalle (Lair:1)
  11 skeletal warriors
  A flayed ghost (Vaults:3)
  3 sea snakes
  5 deep trolls
  3 unseen horrors
  2 glowing orange brains
  A wizard (Vaults:1)
  8 naga ritualists
  10 mana vipers
  A phantasmal warrior (Vaults:3)
  An orb spider (shapeshifter) (Vaults:1)
  5 harpies (Vaults:2)
  Pikel (D:4)
  A necromancer (Vaults:2)
  12 orc knights
  2 deep elf magi
  8 ironbrand convokers
  7 orc sorcerers
  27 ugly things
  3 salamanders
  2 wolf spiders
  12 cyclopes
  11 elephants
  5 manticores
  16 fauns
  4 water nymphs
  10 vault sentinels
  35 black mambas
  8 merfolk sirens
  Psyche (D:10)
  An ice statue (IceCv)
  19 naga magi
  8 guardian serpents
  Maggie (D:6)
  2 gargoyles (D:14)
  7 spiny frogs
  5 rime drakes
  7 komodo dragons
  4 freezing wraiths
  22 yaktaurs
  A tengu conjurer (D:15)
  21 merfolk
  11 trolls
  13 polar bears (IceCv)
  A wind drake (Lair:2)
  A hornet (Vaults:2)
  23 slime creatures
  7 snapping turtles
  10 dream sheep
  A dream sheep (shapeshifter) (Vaults:1)
  10 hippogriffs
  12 blink frogs
  A fire giant simulacrum (Vaults:1)
  Sigmund (D:4)
  3 shadows
  A tarantella (shapeshifter) (Vaults:4)
  5 wraiths
  A redback (shapeshifter) (Vaults:4)
  4 wyverns
  49 yaks
  10 water elementals
  2 vampires
  4 hogs (D:8)
  5 vampire mosquitoes
  2 human simulacra (Vaults:2)
  A human (D:8)
  3 basilisks
  3 hungry ghosts (D:9)
  6 wargs
  A naga (shapeshifter) (Vaults:1)
  82 nagas
  A soldier ant (D:14)
  An acid dragon (D:13)
  6 water moccasins
  9 porcupines
  A hornet zombie (D:9)
  3 ice beasts
  3 black bears
  2 necrophages
  35 orc warriors
  2 slaves (D:4)
  6 sky beasts
  An eye of draining (D:11)
  42 ogres
  An ettin simulacrum (Vaults:1)
  A phantom (D:6)
  21 wolves
  12 crocodiles
  11 centaurs
  3 big kobolds
  20 bullfrogs
  2 gnoll sergeants
  2 wyvern zombies
  6 scorpions
  13 wights
  An electric eel (Snake:2)
  3 howler monkeys
  8 crimson imps
  A bullfrog zombie (D:6)
  4 centaur zombies
  26 orc priests
  A bullfrog skeleton (D:12)
  A jelly (D:9)
  19 orc wizards
  A quasit (D:7)
  14 hounds
  3 centaur skeletons
  A gnoll shaman (D:7)
  2 iguanas
  13 worker ants
  3 hound skeletons
  A worker ant zombie (D:5)
  15 gnolls
  8 adders
  A shadow imp (D:14)
  12 white imps (Lair:5)
  2 oozes
  2 worms
  4 leopard geckos
  92 orcs
  4 giant cockroaches
  5 hobgoblins
  9 jackals
  9 quokkas
  11 bats
  3 frilled lizards
  10 goblins
  17 kobolds
  A quokka skeleton (D:7)
  7 rats
  3 plants
1305 creatures vanquished.

Vanquished Creatures (others)
  A nagaraja (Snake:4)
  A very ugly thing (Vaults:4)
  2 yaktaur captains
  2 vault guards (Vaults:1)
  A hydra (Lair:1)
  A centaur warrior (Vaults:1)
  3 two-headed ogres
  4 naga sharpshooters (Snake:4)
  A sea snake (Lair:2)
  An ironbrand convoker (Vaults:3)
  2 manticores
  3 black mambas
  A spiny frog (Lair:2)
  15 yaktaurs
  A blink frog (Lair:2)
  A snapping turtle (Shoals:1)
  A dream sheep (Shoals:1)
  2 hippogriffs (D:14)
  A yak (IceCv)
  An ogre (Orc:1)
  A wolf (IceCv)
  4 centaurs
  A crocodile (Lair:3)
  A bullfrog (Lair:4)
  An orc wizard (D:5)
  2 orcs (Orc:1)
  A kobold (D:12)
  12 fungi
  22 plants
90 creatures vanquished.

Grand Total: 1395 creatures vanquished

Notes
Turn   | Place    | Note
-------+----------+-------------------------------------------
     0 | D:1      | Gynju the Troll Monk began the quest for the Orb.
     0 | D:1      | Reached XP level 1. HP: 22/22 MP: 0/0
    94 | D:1      | Reached XP level 2. HP: 29/29 MP: 1/1
   645 | D:1      | Reached XP level 3. HP: 37/37 MP: 2/2
  1081 | D:2      | You fall into a shaft and drop 2 floors!
  1142 | D:4      | Noticed an ogre
  1161 | D:4      | Killed an ogre
  1161 | D:4      | Reached XP level 4. HP: 29/48 MP: 3/3
  1161 | D:4      | Reached XP level 5. HP: 33/54 MP: 4/4
  1315 | D:4      | Noticed a slave
  1488 | D:4      | Noticed Sigmund
  1499 | D:4      | Killed Sigmund
  1499 | D:4      | Reached skill level 5 in Unarmed Combat
  1499 | D:4      | Reached XP level 6. HP: 36/63 MP: 5/5
  2418 | D:4      | Noticed a slave
  2429 | D:5      | Entered Level 5 of the Dungeon
  2554 | D:5      | Reached XP level 7. HP: 65/71 MP: 6/6
  2637 | D:5      | Reached skill level 5 in Fighting
  2668 | D:5      | Got a polished falchion
  2671 | D:5      | Identified the +8 falchion "Hueb" {flame, rF+ MR+ Str+2
                  | Int+4 Dex-5} (You found it on level 5 of the Dungeon)
  3292 | D:6      | Identified the ring of Wuahuti {rC+++ Stlth+}
  3310 | D:6      | Found a sparkling altar of Nemelex Xobeh.
  3395 | D:6      | Reached XP level 8. HP: 60/81 MP: 7/7
  3581 | D:6      | Found a staircase to the Ecumenical Temple.
  3594 | D:6      | Noticed Maggie
  3611 | D:6      | Killed Maggie
  3637 | Temple   | Entered the Ecumenical Temple
  3842 | Temple   | Became a worshipper of Ru the Awakened
  3852 | Temple   | Gained mutation: You are clumsy. (Dex -2) [Ru sacrifice]
  4053 | D:5      | Found a shimmering altar of Xom.
  4565 | D:7      | Found a burning altar of Makhleb.
  4580 | D:7      | Found a radiant altar of Vehumet.
  4608 | D:7      | Reached skill level 1 in Evocations
  4644 | D:7      | Reached skill level 5 in Dodging
  4687 | D:6      | Reached XP level 9. HP: 82/92 MP: 8/8
  5558 | D:4      | Noticed Pikel
  5658 | D:4      | Killed Pikel
  5857 | D:7      | Noticed a balrug
  5942 | D:8      | You fall into a shaft and drop 2 floors!
  5942 | D:10     | Entered Level 10 of the Dungeon
  5971 | D:10     | Gained mutation: You cannot study or use magical devices.
                  | [Ru sacrifice]
  5971 | D:10     | Reached * piety under Ru
  5971 | D:10     | Reached ** piety under Ru
  5971 | D:10     | Reached *** piety under Ru
  6081 | D:10     | Found a staircase to the Lair.
  6082 | D:10     | Noticed a komodo dragon
  6103 | D:10     | Noticed Psyche
  6114 | D:10     | Killed Psyche
  6152 | D:10     | Noticed a troll
  6157 | D:10     | Reached XP level 10. HP: 101/102 MP: 9/9
  6545 | D:10     | Noticed Snorg
  7113 | D:9      | Found an ancient bone altar of Kikubaaqudgha.
  7128 | D:9      | Got a steaming trident
  7129 | D:9      | Identified the cursed +1 trident "Banisher" {vorpal, SInv}
                  | (You found it on level 9 of the Dungeon)
  7313 | D:9      | Found a shattered altar of Ashenzari.
  7317 | D:9      | Found a blossoming altar of Fedhas.
  7317 | D:9      | Found a glowing golden altar of the Shining One.
  7320 | D:9      | Reached skill level 1 in Armour
  7331 | D:9      | Found a hazy altar of Hepliaklqana.
  7335 | D:9      | Found an iron altar of Okawaru.
  7468 | D:9      | Gained mutation: You cannot study or cast Earth magic. [Ru
                  | sacrifice]
  7468 | D:9      | Gained mutation: You cannot study or cast Necromancy magic.
                  | [Ru sacrifice]
  7468 | D:9      | Gained mutation: You cannot study or cast Summoning magic.
                  | [Ru sacrifice]
  7468 | D:9      | Reached **** piety under Ru
  7765 | D:9      | Reached skill level 10 in Unarmed Combat
  7899 | D:9      | Found a sacrificial altar of Ru.
  9064 | D:10     | Killed Snorg
  9064 | D:10     | Reached XP level 11. HP: 80/115 MP: 10/10
  9199 | Lair:1   | Entered Level 1 of the Lair of Beasts
  9273 | Lair:1   | Got a brightly glowing scimitar
  9274 | Lair:1   | Identified the +4 scimitar of Kemma {venom, rF+} (You found
                  | it on level 1 of the Lair of Beasts)
  9313 | Lair:1   | Noticed a five-headed hydra
  9327 | Lair:1   | Killed a one-headed hydra
  9453 | Lair:1   | Noticed Nergalle
  9470 | Lair:1   | Killed Nergalle
  9470 | Lair:1   | Reached skill level 5 in Armour
  9531 | Lair:1   | Gained mutation: You are sensitive to extremes of
                  | temperature. (rF-, rC-) [Ru sacrifice]
  9531 | Lair:1   | Reached ***** piety under Ru
  9531 | Lair:1   | Reached ****** piety under Ru
 10404 | Lair:2   | Noticed a seven-headed hydra
 10416 | Lair:1   | Killed a four-headed hydra
 10426 | Lair:2   | Reached skill level 10 in Fighting
 10867 | Lair:2   | Noticed a seven-headed hydra
 10890 | Lair:2   | Killed a four-headed hydra
 11183 | Lair:2   | Found a staircase to the Shoals.
 11378 | Lair:2   | Reached XP level 12. HP: 106/126 MP: 11/11
 12553 | Lair:4   | Reached skill level 10 in Armour
 12626 | Lair:4   | Found a staircase to the Snake Pit.
 12797 | Lair:4   | You fall into a shaft and drop 2 floors!
 12797 | Lair:6   | Entered Level 6 of the Lair of Beasts
 12810 | Lair:6   | Noticed a five-headed hydra
 12823 | Lair:6   | Killed a one-headed hydra
 12979 | Lair:5   | Noticed an eight-headed hydra
 13107 | Lair:5   | Found a frozen archway.
 13142 | IceCv    | Entered an ice cave
 13553 | IceCv    | Reached XP level 13. HP: 131/137 MP: 12/12
 13748 | IceCv    | Noticed a frost giant
 13764 | IceCv    | Killed a frost giant
 14879 | Lair:5   | Found a runed translucent door.
 17112 | Lair:6   | Found a viscous altar of Jiyva.
 17113 | Lair:6   | Found a staircase to the Slime Pits.
 17537 | Lair:6   | Noticed a dire elephant
 17537 | Lair:6   | Noticed a dire elephant
 17552 | Lair:6   | Killed a dire elephant
 17556 | Lair:6   | Killed a dire elephant
 17577 | Lair:6   | Noticed a dire elephant
 17590 | Lair:6   | Killed a dire elephant
 17685 | Lair:6   | Noticed a dire elephant
 17699 | Lair:6   | Killed a dire elephant
 17811 | Lair:6   | Noticed a dire elephant
 17845 | Lair:6   | Killed a dire elephant
 18082 | D:11     | Noticed Fannar
 18082 | D:11     | Noticed Sonja
 18095 | D:10     | Killed Fannar
 18095 | D:10     | Reached skill level 1 in Throwing
 18242 | D:11     | Reached XP level 14. HP: 117/150 MP: 13/13
 18280 | D:11     | Killed Sonja
 18999 | D:11     | Reached skill level 5 in Throwing
 19019 | D:11     | Found a staircase to the Orcish Mines.
 19296 | Orc:1    | Entered Level 1 of the Orcish Mines
 19888 | Orc:2    | Entered Level 2 of the Orcish Mines
 21026 | Orc:2    | Paralysed by an orc sorcerer for 5 turns
 21881 | Orc:2    | Reached skill level 10 in Throwing
 21938 | Orc:2    | Found a staircase to the Elven Halls.
 22193 | Orc:1    | Reached XP level 15. HP: 146/158 MP: 14/14
 22491 | Orc:2    | Found Ronteew's Assorted Antiques.
 22496 | Orc:2    | Found Filebomp's General Store.
 22505 | Orc:2    | Found Ativufiw's Food Emporium.
 22506 | Orc:2    | Found Oraga's Distillery.
 23433 | D:12     | Noticed Josephine
 23693 | D:12     | Upgraded the game from 0.25-a0-651-g8c222c7a2b to
                  | 0.25-a0-699-g25a338df49
 24065 | D:13     | Found a gate to the Vaults,
 24880 | D:14     | Reached skill level 10 in Dodging
 25799 | D:15     | Entered Level 15 of the Dungeon
 26892 | D:15     | Found Emyuw's Food Boutique,
 27022 | D:15     | Found a staircase to the Depths,
 27414 | Depths:1 | Entered Level 1 of the Depths
 27419 | Depths:1 | Noticed Asterion
 27691 | Snake:1  | Entered Level 1 of the Snake Pit
 27791 | Snake:1  | Reached skill level 1 in Shields
 27798 | Snake:1  | Noticed a nagaraja
 27833 | Snake:1  | Killed a nagaraja
 27833 | Snake:1  | Reached XP level 16. HP: 132/170 MP: 15/15
 28043 | Snake:1  | Found Ramyicra's General Store,
 28047 | Snake:1  | Found Paecw's General Store,
 28053 | Snake:1  | Bought a scroll of teleportation for 36 gold pieces
 29048 | Snake:2  | Found a runed translucent gate,
 29048 | Snake:2  | Found a runed translucent gate,
 29049 | Snake:2  | Found a runed translucent gate,
 29472 | Snake:2  | Found Haossynt's Antique Weapon Shoppe,
 29476 | Snake:2  | Found Rexemna's Antique Weapon Emporium,
 29477 | Snake:2  | Found Natsaf's Antique Weapon Shoppe,
 29501 | Snake:2  | Reached skill level 5 in Shields
 30214 | Snake:2  | Noticed Pagrargh's ghost (journeyman MiBe)
 31597 | Shoals:1 | Entered Level 1 of the Shoals
 31693 | Lair:2   | Upgraded the game from 0.25-a0-699-g25a338df49 to
                  | 0.25-a0-701-gb30f108f01
 31724 | Shoals:1 | Noticed Nikola
 31925 | Lair:2   | Killed Nikola
 33457 | Shoals:2 | Noticed Polyphemus
 34793 | Shoals:1 | Reached XP level 17. HP: 158/179 MP: 16/16
 35094 | Shoals:2 | Killed Polyphemus
 35913 | Shoals:3 | Found Xitrihe's General Store.
 37149 | Snake:4  | Entered Level 4 of the Snake Pit
 38161 | Snake:4  | Reached skill level 10 in Shields
 39721 | Snake:4  | Reached XP level 18. HP: 169/188 MP: 17/17
 40618 | Snake:4  | Got a serpentine rune of Zot
 41335 | Vaults:1 | Entered Level 1 of the Vaults
 42381 | Vaults:1 | Noticed Donald
 42408 | Vaults:1 | Killed Donald
 43553 | Vaults:2 | Reached skill level 15 in Shields
 43669 | Vaults:2 | Found Xeelofuq's Weapon Shoppe.
 44047 | Vaults:2 | Noticed Aizul
 44063 | Vaults:2 | Killed Aizul
 44293 | Vaults:1 | Reached XP level 19. HP: 185/197 MP: 18/18
 44329 | Vaults:1 | Reached skill level 15 in Unarmed Combat
 45721 | Vaults:3 | Reached skill level 15 in Fighting
 46216 | Vaults:3 | Found a staircase to the Crypt.
 46690 | Vaults:3 | You fall into a shaft and drop 1 floor!
 47080 | Vaults:4 | Noticed a caustic shrike
 47084 | Vaults:4 | Noticed an iron giant
 47084 | Vaults:4 | a caustic shrike changed into an iron giant
 47085 | Vaults:4 | Noticed a caustic shrike
 47085 | Vaults:4 | an iron giant changed into a caustic shrike
 47089 | Vaults:4 | Noticed a golden dragon
 47089 | Vaults:4 | a caustic shrike changed into a golden dragon
 47091 | Vaults:4 | a golden dragon changed into an alligator snapping turtle
 48339 | Vaults:3 | HP: 2/201 [battlesphere[a tengu reaver] (10)]
 48340 | Vaults:3 | Succumbed to a tengu reaver's poison gas

Levels and vault maps discovered:
D:1:      dpeg_arrival_leaves_temple_mockup, layout_loops_corners
D:2:      layout_loops_cross, first_ration, kennysheep_generic_room_2
D:3:      layout_rooms
D:4:      layout_gridville, uniq_sigmund, uniq_pikel
D:5:      lemuel_upstairs_altar, layout_basic, grunt_decor_one_mirror,
          minmay_misc_feat_encased
D:6:      layout_basic, minmay_temple_entry_offerings,
          nemelex_xobeh_ov_fountains_minmay, uniq_maggie
D:7:      layout_cave_pools, overflow_temple_1_default, serial_gnoll_camp,
          gnoll_camp_mini_doghouse, gnoll_camp_mini_doghouse,
          gnoll_camp_mini_hut, gnoll_camp_mini_house, makhleb_altar_promises_db
D:8:      layout_layer_cave, grunt_livestock
D:9:      layout_long_grid, minmay_overflow_temple_star_hex, basic_altar,
          nicolae_ru_the_path_less_chosen
D:10:     layout_irregular_city, david_lair_shrubbed, uniq_snorg, uniq_psyche
D:11:     layout_long_grid, david_orc_1_choice, serial_bayou_crossing,
          uniq_fannar, uniq_sonja
D:12:     layout_basic, uniq_josephine
D:13:     minmay_separated_statues, layout_loops_ring, david_vaults_2
D:14:     layout_stronghold, kennysheep_crisscross
D:15:     grunt_enter_depths_hoard, layout_rooms, minivault_27, serial_shops,
          shop, roderic_lattice_a
Temple:   eino_temple_scatter_basement
Lair:1:   layout_layer_cave, minmay_holes, lemuel_fruit_tree, uniq_nergalle
Lair:2:   layout_big_grid, elwin_shoals_entry_rocks
Lair:3:   layout_chaotic_city, lemuel_fruit_fields
Lair:4:   layout_long_grid, guppyfry_snake_entry_garden
Lair:5:   gammafunk_mikee_crab_dinner, layout_long_grid,
          portal_ice_cave_entry_imps, cheibrodos_lair_reptile_den,
          grunt_megastairs_2, infiniplex_staircase_pool_2
Lair:6:   due_jungle_book, layout_concentric_octagons,
          dpeg_slime_entry_enclosed_altar, chequers_serial_rivers_room_a,
          grunt_megastairs_4, serial_bayou_shore_b
Shoals:1: layout_shoals, uniq_nikola
Shoals:2: layout_shoals, uniq_polyphemus
Shoals:3: layout_shoals, serial_shops, shop
Snake:1:  layout_onion_interference, minmay_shoptagon
Snake:2:  layout_honeycomb, gammafunk_ghost_necromancy, serial_bayou_lagoon_a,
          minmay_shop_star
Snake:3:  layout_misc_corridors, grunt_ministairs_2
Snake:4:  grunt_snake_rune_spirals, layout_onion_interference, special_room
Orc:1:    layout_diamond_mine, rock_pile
Orc:2:    st_orc_open, layout_diamond_mine, guppyfry_orc_lava_fort
Vaults:1: grunt_vaults_twisty, ontoclasm_vaults_fault, vaults_room_semicircle,
          ontoclasm_vaults_claustrophobia, vaults_room_pools, v_misc_8,
          hangedman_vaults_stagger, hangedman_vaults_stitches,
          nicolae_vaults_diagonal_hallway_7, nicolae_vaults_little_squares_4,
          v_misc_3, nicolae_vaults_little_squares_3,
          vaults_room_grunt_arrival_checkpoint, ontoclasm_vaults_chip,
          layout_vaults_ring, uniq_donald
Vaults:2: vaults_room_mumra_shop_pool, vaults_mumra_chevron_long,
          v_alt_pattern_3, nicolae_vaults_circle_grid_a,
          hangedman_vaults_unwind, v_pattern_5, nicolae_vaults_rhombus_5,
          nicolae_vaults_rhombus_7, nicolae_vaults_gold_heap,
          layout_vaults_big_cross, uniq_aizul
Vaults:3: hangedman_vaults_trim, st_octagons_1, hangedman_vaults_slice,
          hangedman_vaults_slice, nicolae_vaults_disjoint_gnomons,
          ontoclasm_vaults_ring_large, minmay_crypt_entry_simple_sparse,
          v_misc_11, hangedman_vaults_trim, nicolae_vaults_big_angled_halls,
          layout_vaults_big_room
Vaults:4: hangedman_vaults_locks, v_misc_13, nicolae_vaults_puzzle_piece,
          v_rooms_3, vaults_room_door_hall, vaults_mumra_minichess_inversion,
          v_misc_16, hangedman_vaults_slice, grunt_vaults_hallway_long,
          nicolae_vaults_specimen_jars, nicolae_vaults_circle_grid_b,
          layout_vaults_maze_snakey, uniq_boris
Depths:1: layout_gridlike, grunt_hell_entry_dis_grunt, serial_shops,
          bzr_entry_customers, marbit_kobold_abyss_entry, kennysheep_four_rooms,
          minmay_shop_grove, uniq_asterion

Skill      XL: |  1  2  3  4  5  6  7  8  9 10 11 12 13 14 15 16 17 18 19 |
---------------+----------------------------------------------------------+-----
Fighting       | 3 4 5 6 7 9 10 11 12 13 14 15 | 15.0
Unarmed Combat | 4 5 6 7 9 10 11 13 14 15 | 15.0
Dodging        | 3 5 6 7 10 12 | 12.2
Evocations     | 1 0 |  0.0
Armour         | 4 8 10 12 | 12.2
Throwing       | 2 10 | 10.0
Shields        | 2 9 12 15 | 15.0
Stealth        | |  1.0

Action                   |  1- 3 |  4- 6 |  7- 9 | 10-12 | 13-15 | 16-18 | 19-21 || total
-------------------------+-------+-------+-------+-------+-------+-------+-------++-------
Melee: Unarmed           |    93 |   113 |   317 |   758 |  1442 |  1879 |   657 ||  5259
       Punch             |       |     1 |     5 |    34 |   131 |       |       ||   171
       Falchion          |       |       |       |    34 |    33 |       |       ||    67
 Fire: Hunting sling     |       |       |       |     5 |       |       |       ||     5
Throw: Dart              |       |       |       |       |     3 |       |       ||     3
       Large rock        |       |       |       |       |       |    54 |       ||    54
Invok: Sacrifice Purity  |       |       |     1 |       |       |       |       ||     1
       Sacrifice Artific |       |       |     1 |       |       |       |       ||     1
       Sacrifice Arcana  |       |       |       |     1 |       |       |       ||     1
       Sacrifice Resista |       |       |       |     1 |       |       |       ||     1
       Power Leap        |       |       |       |       |     1 |       |       ||     1
       Draw Out Power    |       |       |       |       |       |     1 |       ||     1
  Use: Potion            |     2 |       |       |       |       |     3 |       ||     5
       Scroll            |       |       |    14 |    13 |    11 |    10 |     1 ||    49
 Stab: Sleeping          |     4 |     2 |     3 |     2 |     6 |     1 |       ||    18
       Paralysed         |       |       |       |     6 |    12 |    26 |     5 ||    49
       Distracted        |       |       |       |     5 |     3 |     7 |     5 ||    20
       Invisible         |       |       |       |     2 |    15 |    18 |     5 ||    40
  Eat: Chunk             |    16 |    10 |    36 |    83 |   126 |   110 |    34 ||   415
       Ration            |       |       |       |       |       |    14 |       ||    14
Armor: Robe              |    33 |    28 |    24 |       |       |       |       ||    85
       Swamp dragon scal |       |       |   127 |   347 |   484 |    73 |       ||  1031
       Fire dragon scale |       |       |       |       |     6 |   244 |    71 ||   321
       Ice dragon scales |       |       |       |       |       |     4 |       ||     4
Dodge: Dodged            |    44 |    53 |   166 |   349 |   567 |   360 |   110 ||  1649
Block: Other             |       |       |       |   118 |   233 |       |       ||   351
       Reflection        |       |       |       |     1 |    15 |   230 |    52 ||   298
       Kite shield       |       |       |       |       |    15 |   555 |       ||   570
       Tower shield      |       |       |       |       |       |   859 |   548 ||  1407
       Rpst.: Falchion   |       |       |       |     2 |     4 |       |       ||     6

Table legend:
 A = Non-vault XP
 B = Vault XP
 C = Vault XP percentage of total XP
 D = Non-vault monster count
 E = Vault monster count
 F = Vault count percentage of total count
                 A         B        C        D         E       F
            +---------+---------+-------+---------+---------+-------
      Total |  282830 |  191002 |  40.3 |     963 |     386 |  28.6
            +---------+---------+-------+---------+---------+-------
        D:1 |      44 |       0 |   0.0 |      27 |       0 |   0.0
        D:2 |      38 |      15 |  28.3 |      15 |       3 |  16.7
        D:3 |      67 |       0 |   0.0 |      12 |       0 |   0.0
        D:4 |     240 |     834 |  77.7 |      11 |       2 |  15.4
        D:5 |     311 |       0 |   0.0 |      19 |       0 |   0.0
        D:6 |    1018 |     426 |  29.5 |      20 |       3 |  13.0
        D:7 |    1113 |     471 |  29.7 |      23 |      17 |  42.5
        D:8 |     680 |     917 |  57.4 |       9 |       5 |  35.7
        D:9 |    2195 |       0 |   0.0 |      33 |       0 |   0.0
       D:10 |    1769 |    2911 |  62.2 |      31 |       4 |  11.4
       D:11 |   11314 |    1288 |  10.2 |      47 |      10 |  17.5
       D:12 |    7267 |     648 |   8.2 |      49 |       3 |   5.8
       D:13 |    4186 |    2674 |  39.0 |      23 |       3 |  11.5
       D:14 |   12040 |       0 |   0.0 |      51 |       0 |   0.0
       D:15 |   13563 |    1911 |  12.3 |      29 |       2 |   6.5
     Lair:1 |    4734 |     781 |  14.2 |      17 |       1 |   5.6
     Lair:2 |    8374 |    4035 |  32.5 |      29 |       1 |   3.3
     Lair:3 |    3194 |       0 |   0.0 |      16 |       0 |   0.0
     Lair:4 |    2922 |     332 |  10.2 |      15 |       2 |  11.8
     Lair:5 |    2516 |     961 |  27.6 |      12 |      15 |  55.6
     Lair:6 |   13233 |    3626 |  21.5 |      29 |       7 |  19.4
   Shoals:1 |   17260 |    3284 |  16.0 |      44 |       4 |   8.3
   Shoals:2 |   17613 |    3428 |  16.3 |      35 |       2 |   5.4
   Shoals:3 |    5242 |       0 |   0.0 |      14 |       0 |   0.0
    Snake:1 |    9268 |       0 |   0.0 |      19 |       0 |   0.0
    Snake:2 |   12081 |    1315 |   9.8 |      25 |       4 |  13.8
    Snake:3 |    9738 |    1808 |  15.7 |      28 |       4 |  12.5
    Snake:4 |   24622 |   53982 |  68.7 |      49 |      89 |  64.5
      Orc:1 |    4613 |    4207 |  47.7 |      51 |      11 |  17.7
      Orc:2 |    4289 |   17296 |  80.1 |      39 |      39 |  50.0
   Vaults:1 |   26494 |   16321 |  38.1 |      46 |      25 |  35.2
   Vaults:2 |   15291 |   14108 |  48.0 |      23 |      22 |  48.9
   Vaults:3 |    9406 |   26361 |  73.7 |      19 |      33 |  63.5
   Vaults:4 |   34953 |   14678 |  29.6 |      53 |      22 |  29.3
   Depths:1 |    1142 |       0 |   0.0 |       1 |       0 |   0.0
      IceCv |       0 |   12384 | 100.0 |       0 |      53 | 100.0
            +---------+---------+-------+---------+---------+-------
